 Dungeon Crawl Stone Soup version 0.30-a0-900-g23479c02f2 (webtiles) character file.

Game seed: 1324632830578211032

955 buddhastalin the Trooper (level 7, -10/59 HPs)
             Began as a Demonspawn Berserker on Mar 18, 2023.
             Was a Priest of Trog.
             Engulfed by a steam dragon's steam (13 damage)
             ... on level 5 of the Dungeon.
             The game lasted 00:10:06 (4344 turns).

buddhastalin the Trooper (Demonspawn Berserker)     Turns: 4344, Time: 00:10:07

Health: -10/59     AC: 13    Str: 20    XL:     7   Next: 91%
Magic:  7/7        EV:  8    Int:  8    God:    Trog [***...]
Gold:   243        SH:  0    Dex: 12    Spells: 6/6 levels left

rFire   . . .      SeeInvis .    a - +0 falchion
rCold   . . .      Faith    .    (no shield)
rNeg    . . .      Spirit   .    e - +0 chain mail
rPois   .          Reflect  .    (no helmet)
rElec   .          Rampage  .    (no cloak)
rCorr   .                        (no gloves)
Will    ++...                    n - +2 pair of boots Stlth
                                 (no amulet)
HPRegen 1.29/turn                (no ring)
MPRegen 0.10/turn                (no ring)

@: mighty, strong-willed, on berserk cooldown, regenerating, slowed, very slow
A: foul stench 1, powered by pain 1, sharp scales 1
a: Renounce Religion, Berserk, Trog's Hand


You were on level 5 of the Dungeon.
You worshipped Trog.
Trog was most pleased with you.
You visited 1 branch of the dungeon, and saw 5 of its levels.

You collected 243 gold pieces.

Inventory:

Hand Weapons
 a - a +0 falchion (weapon)
Armour
 e - a +0 chain mail (worn)
 n - a +2 pair of boots (worn)
Wands
 u - a wand of charming (3)
Scrolls
 g - a scroll of magic mapping {unknown}
 j - 3 scrolls of identify {unknown}
 k - 2 scrolls of immolation {unknown}
 l - 3 scrolls of teleportation {unknown}
 m - a scroll of fear {unknown}
 r - a scroll of enchant armour {unknown}
Potions
 b - 2 potions of might {unknown}
 c - a potion of degeneration {unknown}
 d - a potion of berserk rage {unknown}
 f - 3 potions of attraction {unknown}
 h - 3 potions of haste {unknown}
 i - 3 potions of curing
 o - a potion of mutation {unknown}
 p - a potion of ambrosia {unknown}
 q - a potion of resistance {unknown}
 s - 2 potions of lignification {unknown}
 t - a potion of brilliance {unknown}


   Skills:
 * Level 6.4 Fighting
 * Level 5.9 Long Blades
 + Level 4.0 Armour
 - Level 1.9 Dodging


You had 6 spell levels left.
You didn't know any spells.
Your spell library was empty.

Dungeon Overview and Level Annotations

Branches:
Dungeon (5/15)             Temple (0/1) D:4

Altars:
Hepliaklqana


Innate Abilities, Weirdness & Mutations

You may rarely emit foul miasma when damaged in melee.
You sometimes gain a little power by taking damage.
You are partially covered in razor-sharp scales. (AC +1, Slay +1)


Message History

The quokka is moderately wounded.
The quokka misses you.
A steam dragon comes into view.
The steam dragon hisses angrily.
You slash the quokka!
You kill the quokka!
Trog accepts your kill.
Items here: ) [ ††.
You feel a strong urge to attack something.
You are no longer berserk.
You are exhausted.
You feel yourself slow down. The steam dragon breathes steam at you.
The ball of steam hits you but does no damage.
You see here a +0 giant spiked club.
It was a potion of curing.
You feel better.
You are engulfed in a cloud of scalding steam.
Aiming: Charm
Press: ? - help, Shift-Dir - straight line, f - steam dragon
Aim: a steam dragon (chance to affect: 49%)
The steam dragon resists with some effort.
The steam dragon breathes steam at you. The ball of steam hits you!
You hear an angry growl.
You hear a shout!
Aiming: Charm
Press: ? - help, Shift-Dir - straight line, f/p - steam dragon
Aim: a steam dragon (steam, catching its breath, chance to affect: 49%)
The steam dragon resists with some effort.
The steam dragon breathes steam at you. The ball of steam hits you!
* * * LOW HITPOINT WARNING * * *
Your skin crawls.
You feel strong-willed.
You are engulfed in a cloud of scalding steam.
* * * LOW HITPOINT WARNING * * *
Unknown command.
You hit the steam dragon.
The steam dragon is lightly wounded.
You are engulfed in a cloud of scalding steam.
You die...

#........ #........
###§.......
#........... #
#)##.......# ##. #
#)##..###... ..#..
#.##..# #..# #...#
#D##..###..###..##
#@##..o........###
#§##..............
#.# #####..##..###
#§#######..##.....
#.#........##..###
#.#.#####.........
#....####>.##..###
#.................
##....####...######


You could see a steam dragon (catching breath).

Vanquished Creatures
  Menkaure (D:5)
  3 ogres
  2 phantoms (D:5)
  A scorpion (D:4)
  3 hounds
  3 iguanas (D:4)
  6 gnolls
  6 adders
  An ufetubus (D:5)
  3 worms (D:2)
  2 dart slugs
  8 orcs
  5 ball pythons
  7 bats
  7 endoplasms
  A giant cockroach (D:1)
  6 goblins
  4 hobgoblins
  A jackal (D:1)
  4 kobolds
  4 quokkas
  A frilled lizard (D:2)
  5 rats
84 creatures vanquished.

Notes
Turn   | Place    | Note
-------+----------+-------------------------------------------
     0 | D:1      | buddhastalin the Demonspawn Berserker began the quest for
                  | the Orb.
     0 | D:1      | Reached XP level 1. HP: 18/18 MP: 1/1
   130 | D:1      | Gained mutation: You sometimes gain a little power by
                  | taking damage. [demonic ancestry]
   130 | D:1      | Reached XP level 2. HP: 14/24 MP: 2/2
   522 | D:1      | Reached XP level 3. HP: 29/29 MP: 3/3
   758 | D:2      | Noticed an ogre
   827 | D:2      | Killed an ogre
   828 | D:2      | Reached skill level 4 in Fighting
   828 | D:2      | Gained mutation: You are partially covered in razor-sharp
                  | scales. (AC +1, Slay +1) [demonic ancestry]
   828 | D:2      | Reached XP level 4. HP: 37/37 MP: 4/4
  1183 | D:2      | Gained mutation: You may rarely emit foul miasma when
                  | damaged in melee. [demonic ancestry]
  1183 | D:2      | Reached XP level 5. HP: 34/42 MP: 5/5
  1400 | D:2      | Reached ** piety under Trog
  1819 | D:3      | Found a hazy altar of Hepliaklqana.
  2659 | D:4      | Reached XP level 6. HP: 43/49 MP: 6/6
  3031 | D:4      | Reached skill level 5 in Fighting
  3087 | D:4      | Found a staircase to the Ecumenical Temple.
  3604 | D:4      | Reached skill level 5 in Long Blades
  3604 | D:4      | Reached XP level 7. HP: 32/56 MP: 7/7
  3829 | D:5      | Entered Level 5 of the Dungeon
  4314 | D:5      | Noticed Menkaure
  4325 | D:5      | Reached skill level 6 in Fighting
  4332 | D:5      | Killed Menkaure
  4332 | D:5      | Reached *** piety under Trog
  4333 | D:5      | Noticed a steam dragon
  4343 | D:5      | HP: 1/59 [steam dragon] (13)]
  4344 | D:5      | Engulfed by a steam dragon's steam

Illustrated notes

Levels and vault maps discovered:
D:1:      dpeg_arrival_brainrot, layout_rooms, palyth_stone_intersect,
          minmay_liquid_box
D:2:      layout_loops_corners, kennysheep_generic_room_5
D:3:      layout_basic, tso_oasis_becter, nicolae_hepliaklqana_hazy_memory,
          kennysheep_donut
D:4:      layout_loops_ring, minmay_temple_entry_mini_moons
D:5:      layout_loops_ring, uniq_menkaure, uniq_eustachio

Skill      XL: |  1  2  3  4  5  6  7 |
---------------+----------------------+-----
Long Blades    | 3 4 5 |  5.9
Armour         | 2 3 4 |  4.0
Fighting       | 4 5 6 |  6.4
Dodging        | |  1.9

Action                     |  1- 3 |  4- 6 |  7- 9 || total
---------------------------+-------+-------+-------++-------
  Melee: Falchion          |    62 |   224 |    74 ||   360
         Punch             |     1 |     2 |     1 ||     4
 Invoke: Berserk           |     1 |     1 |     1 ||     3
         Trog's Hand       |       |       |     1 ||     1
  Evoke: Wand              |       |       |     2 ||     2
    Use: Potion            |       |       |     1 ||     1
 Armour: Animal skin       |     1 |       |       ||     1
         Chain mail        |    17 |   119 |    52 ||   188
  Dodge: Dodged            |    26 |    96 |    39 ||   161

Table legend: (Time is in decaauts)
 A = Elapsed time spent in this place.
 B = Non-inter-level travel time spent in this place.
 C = Inter-level travel time spent in this place.
 D = Time resting spent in this place.
 E = Time spent auto-exploring this place.
 F = Levels seen in this place.
 G = Mean time per level.
                   A        B        C        D        E       F      G
               +--------+--------+--------+--------+--------+-----+--------+
         Total |   4392 |   4265 |    127 |    905 |   2471 |   5 |  878.4 |
       Dungeon |   4392 |   4265 |    127 |    905 |   2471 |   5 |  878.4 |
               +--------+--------+--------+--------+--------+-----+--------+

Top non-repeatable levels by time:
     D:4: 1525 daAuts
     D:2: 1065 daAuts
     D:3: 814 daAuts
     D:1: 664 daAuts
     D:5: 323 daAuts
